AoeStats
← DIKICI ZOMMO

Arabia

507690471Analyzed
1v1 RM · 11d ago on Sep 19, 2026· 37m 17s· 2 players
Game mode
Random Map
Map size
Tiny (2 player)
Population
200
Speed
Normal
Resources
Standard
Victory
Conquest
Starting age
Dark Age
Ending age
Imperial Age
RankedLock teamsTeams togetherTeam positionsShared explorationLock speedFull tech treeHidden civsTurbo modeCheats
Victory
Defeat
🇹🇷 Franks · Türkiye
803
+17
🇩🇪 Goths · Germany
820
-17
DIKICI ZOMMO
5:34 Loom
10:57 Feudal Age
11:44 Double-Bit Axe
12:30 Arson
16:49 Gold Mining
17:18 Stone Mining
20:29 Wheelbarrow
24:01 Castle Age
24:00 Wheelbarrow
24:03 Forging
24:06 Scale Barding Armor
27:34 Bow Saw
28:01 Iron Casting
32:00 Gold Shaft Mining
31:58 Fletching
33:20 Hand Cart
32:52 Town Watch
34:57 Padded Archer Armor
37:07 Leather Archer Armor
NN0M4RNN
0:36 Loom
10:39 Feudal Age
11:07 Double-Bit Axe
15:27 Horse Collar
18:51 Castle Age
19:19 Man-at-Arms
24:05 Heavy Plow
24:52 Long Swordsman
26:03 Bow Saw
Connection lost

Rejoining the realm…

Still unreachable

The connection could not be restored.

Session expired

The server has moved on; the page needs a fresh start.